Map: Dreamcatcher LE

Players

Mike

  • Race: Zerg Zerg
  • Spawn Location: 5:00

Juxtapose - Winner!

  • Race: Terran Terran
  • Spawn Location: 11:00

VOD

https://youtu.be/uSZrjnBz8p4

Description

This was a fun match, and my opponent made good use of Tunneling Claws. I double checked in the Replay, and I could not see the Roaches moving. Perhaps because it was on Creep?

Time

  • Played on: July 22, 2018, 7:17 p.m.
  • Length: 12:15
Show
View Real Time Build Order
Export as new Build Order

Mike Zerg 

Build Orders: Pool First, Zergling Baneling 

Get SALT Encoding   

  12  0:18  Spawning Pool  
  11  0:25  Drone  
  11  0:26  Drone  
  13  0:31  Drone  
  14  0:36  Extractor  
  14  0:39  Drone  
  14  0:48  Overlord  
  14  1:08  Drone  
  14  1:10  Drone  
  16  1:17  Queen  
  18  1:27  Zergling x2  
  18  1:31  Zergling x2  
  20  1:43  Metabolic Boost  
  20  1:47  Zergling x2  
  21  1:52  Zergling x2  
  22  2:04  Overlord  
  22  2:26  Zergling x2  
  22  2:27  Zergling x4  
  22  2:28  Baneling Nest  
  22  2:29  Zergling x2  
  25  2:30  Hatchery  
  25  2:34  Zergling x2  
  25  2:40  Drone  
  26  2:50  Drone  
  27  3:00  Overlord  
  27  3:08  Zergling x4  
  27  3:09  Zergling x2  
  30  3:18  Drone  
  31  3:23  Queen  
  33  3:29  Drone  
  33  3:32  Baneling x2  
  33  3:33  Baneling  
  34  3:35  Baneling  
  34  3:37  Baneling  
  34  3:39  Baneling  
  34  3:41  Baneling  
  34  3:42  Baneling  
  34  3:50  Drone  
  34  3:54  Drone  
  37  3:55  Drone  
  37  3:56  Drone  
  37  4:00  Drone  
  39  4:03  Drone  
  28  4:41  Roach Warren, Lair  
  28  4:44  Burrow, Drone x3  
  28  4:45  Drone x2  
  32  4:51  Spine Crawler  
  31  4:55  Spine Crawler  
  30  5:05  Drone, Extractor  
  30  5:09  Drone x4  
  30  5:12  Drone x2  
  30  5:13  Drone  
  37  5:17  Extractor  
  36  5:28  Spine Crawler  
  35  5:39  Drone  
  35  5:40  Drone x6  
  35  5:41  Drone  
  43  5:44  Extractor  
  44  5:50  Roach  
  44  5:52  Overlord x2  
  44  5:54  Overlord  
  44  6:02  Tunneling Claws  
  44  6:19  Roach  
  44  6:20  Roach x3  
  44  6:22  Roach  
  54  6:45  Roach x7  
  68  6:47  Overlord  
  68  6:49  Overlord  
  68  7:09  Roach  
  68  7:10  Roach x4  
  68  7:11  Roach  
  80  7:27  Roach x11  
  80  7:28  Roach x8  
  80  7:35  Roach x13  
  72  7:58  Zergling x14  
  51  7:59  Zergling x10  
  51  8:05  Queen  
  45  8:23  Baneling  
  45  8:24  Baneling x15  
  45  8:25  Baneling x6  
  44  8:27  Zergling x2  
  44  8:28  Zergling x4  
  37  8:51  Zergling x2  
  38  9:10  Hatchery  
  37  9:21  Hatchery  
  37  9:23  Drone x3  
  37  9:24  Drone x3  
  41  9:27  Baneling x8  
  42  10:34  Drone  
  42  10:35  Drone x5  
  48  10:36  Drone  
  51  10:46  Baneling  
  51  10:49  Baneling  
  49  10:51  Zergling x6  
  49  10:52  Baneling x4  
  50  10:57  Baneling  
  50  10:58  Baneling  
  42  11:17  Zergling x4  
  20  11:27  Zergling x4  
  20  11:28  Zergling x2  
  20  11:29  Zergling x2  
  21  11:38  Baneling x3  
  15  11:44  Baneling  
  6  11:50  Baneling  
Show
View Real Time Build Order
Export as new Build Order

Juxtapose Terran - Winner!

Build Orders: Bio Tank 

Get SALT Encoding   

  12  0:01  SCV  
  13  0:13  SCV  
  14  0:21  Supply Depot  
  14  0:25  SCV  
  16  0:42  SCV  
  16  0:45  Barracks  
  16  0:49  Supply Depot  
  16  0:55  SCV  
  17  1:00  Refinery  
  17  1:07  SCV  
  18  1:19  SCV  
  18  1:23  Refinery  
  19  1:33  Orbital Command  
  19  1:37  Marine  
  20  1:59  Barracks  
  20  2:02  SCV  
  21  2:09  Barracks Reactor  
  21  2:14  SCV  
  21  2:24  Bunker  
  21  2:26  SCV  
  21  2:29  Supply Depot  
  22  2:33  Engineering Bay  
  22  2:38  SCV  
  22  2:41  Factory  
  23  2:46  Marine  
  23  2:50  SCV  
  25  3:03  Terran Infantry Weapons Level 1  
  26  3:06  Barracks Tech Lab  
  25  3:19  Marine x2  
  27  3:27  Supply Depot  
  27  3:29  Factory Tech Lab  
  29  3:34  Marauder  
  29  3:36  Stimpack  
  29  3:42  Starport  
  29  3:44  Marine x2  
  31  3:51  Siege Tank  
  36  3:55  Marauder  
  36  4:02  Marine  
  35  4:33  Marine  
  35  4:34  Marine  
  37  4:49  Supply Depot  
  37  4:57  Starport Reactor  
  37  5:04  Terran Infantry Armor Level 1  
  37  5:10  Marine  
  37  5:11  Supply Depot  
  39  5:18  Supply Depot  
  38  5:28  Marine  
  39  5:33  Siege Tank, Marauder  
  44  5:37  Combat Shields  
  44  5:44  Command Center  
  44  5:54  Marine  
  44  5:56  Marauder  
  47  6:05  Siege Tank  
  49  6:12  Marine  
  49  6:17  Marauder  
  52  6:19  Medivac  
  54  6:26  Supply Depot  
  54  6:30  Marine  
  55  6:48  Marine, Marauder, Medivac  
  58  7:05  Marine  
  59  7:10  Marauder  
  59  7:14  Concussive Shells  
  61  7:23  Marine  
  62  7:31  Marauder  
  64  7:41  Marine  
  65  7:45  Medivac x2  
  63  7:52  Marine  
  59  7:59  Marine  
  58  8:07  Siege Tank  
  58  8:10  Marine  
  62  8:17  Marine  
  63  8:28  Marauder  
  65  8:35  Marine  
  65  8:39  Siege Tank  
  44  8:49  Marine  
  44  8:52  Marine  
  46  8:59  Orbital Command  
  46  9:07  Marauder  
  49  9:10  Marine, SCV  
  49  9:11  Widow Mine  
  52  9:22  SCV  
  53  9:28  Marine  
  53  9:29  Marauder  
  56  9:34  Armory, SCV  
  56  9:35  Siege Tank  
  60  9:46  Marine, SCV  
  62  9:55  Marauder  
  64  10:04  Marine  
  65  10:07  Siege Tank  
  65  10:11  Liberator  
  68  10:16  Marauder  
  68  10:18  Supply Depot  
  70  10:21  Marine  
  74  10:39  Marine, Siege Tank  
  78  10:59  Marine x2  
  79  11:17  Marine  
  79  11:18  Marauder  
  81  11:35  Marine  
  81  11:39  Marauder  
  84  11:53  Marine  
Tags
 
Add a new tag
Caveats
  • Supply blocks, unpowered buildings, or Contaminate may cause inaccurate times.
  • Supply counts are checked every 10 seconds.